AoeStats
← WENDIGO

Fortress

508524013Analyzed
4v4 RM · 8d ago on Sep 22, 2026· 48m 39s· 8 players
Game mode
Random Map
Map size
Huge
Population
200
Speed
Normal
Resources
Standard
Victory
Conquest
Starting age
Dark Age
Ending age
Imperial Age
RankedLock teamsTeams togetherTeam positionsShared explorationLock speedFull tech treeHidden civsTurbo modeCheats
Victory
Defeat
🇺🇸 Poles · United States
1083
+12
🇨🇦 Vikings · Canada
1081
+12
🇲🇽 Saracens · Mexico
1013
+15
🇲🇽 Franks · Mexico
928
+18
🇨🇭 Random · Switzerland
1055
-17
🇫🇷 Teutons · France
1002
-15
🇩🇪 Malay · Germany
960
-13
🇨🇿 Tatars · Czechia
943
-12
viperembobym
8:49 Feudal Age
10:06 Double-Bit Axe
10:05 Horse Collar
13:59 Castle Age
12:00 Gold Mining
12:01 Stone Mining
12:01 Loom
14:44 Wheelbarrow
17:15 Bloodlines
17:34 Bow Saw
20:00 Forging
23:23 Iron Casting
26:29 Imperial Age
24:17 Heavy Plow
24:44 Ballistics
24:33 Scale Barding Armor
26:43 Chain Barding Armor
26:25 Scale Mail Armor
26:38 Cavalier
29:12 Two-Man Saw
29:19 Chain Mail Armor
31:32 Hand Cart
32:44 Crop Rotation
34:04 Plate Mail Armor
34:34 Blast Furnace
34:11 Plate Barding Armor
35:35 Elite Teutonic Knight
36:25 Elite Teutonic Knight
Fluffy
3:28 Loom
8:02 Feudal Age
9:11 Double-Bit Axe
10:55 Horse Collar
13:52 Castle Age
12:53 Gold Mining
14:48 Bow Saw
15:11 Heavy Plow
21:00 Wheelbarrow
22:55 Fletching
23:05 Padded Archer Armor
23:52 Gold Shaft Mining
23:08 Stone Mining
27:08 Imperial Age
26:13 Hand Cart
26:22 Husbandry
26:32 Bloodlines
26:42 Town Watch
27:57 Bodkin Arrow
28:21 Siege Engineers
31:10 Crop Rotation
30:17 Heavy Cavalry Archer
30:47 Treadmill Crane
32:18 Chemistry
31:38 Ballistics
31:26 Town Patrol
32:12 Masonry
32:05 Caravan
32:40 Leather Archer Armor
33:16 Bracer
33:14 Murder Holes
33:30 Fortified Wall
34:45 Conscription
35:50 Scale Mail Armor
35:54 Squires
35:14 Pikeman
35:40 Arson
36:39 Timurid Siegecraft
36:29 Guard Tower
37:04 Halberdier
39:39 Forging
40:00 Ring Archer Armor
40:00 Silk Armor
43:36 Iron Casting
43:26 Bombard Tower
46:34 Blast Furnace
48:17 Sappers
lnvis
0:28 Loom
7:25 Feudal Age
7:02 Horse Collar
10:44 Double-Bit Axe
11:35 Arson
12:04 Forging
12:47 Gold Mining
14:28 Wheelbarrow
15:04 Scale Barding Armor
18:45 Castle Age
18:54 Husbandry
21:20 Iron Casting
21:56 Bow Saw
23:41 Heavy Plow
25:42 Gold Shaft Mining
36:30 Imperial Age
35:40 Elite Battle Elephant
37:24 Blast Furnace
37:13 Conscription
Repl4y
8:58 Feudal Age
13:30 Castle Age
11:23 Horse Collar
11:30 Double-Bit Axe
12:46 Scale Mail Armor
15:34 Bow Saw
15:26 Heavy Plow
15:17 Loom
16:07 Wheelbarrow
20:29 Squires
20:15 Gambesons
26:41 Imperial Age
24:32 Gold Mining
24:35 Stone Mining
26:11 Chain Mail Armor
26:08 Forging
26:23 Hamask
26:45 Capped Ram
28:05 Siege Ram
30:06 Plate Mail Armor
30:20 Conscription
33:56 Hand Cart
35:01 Hamask
37:54 Northmen's Fury
39:32 Stone Shaft Mining
40:30 Iron Casting
42:19 Elite Jomsviking
44:09 Blast Furnace
Noisemaker64
6:51 Loom
9:24 Feudal Age
10:05 Horse Collar
10:12 Double-Bit Axe
15:48 Castle Age
14:28 Forging
16:18 Scale Barding Armor
16:27 Bloodlines
16:45 Husbandry
18:27 Szlachta Privileges
25:10 Wheelbarrow
28:01 Heavy Plow
31:00 Imperial Age
27:57 Light Cavalry
29:01 Bow Saw
29:34 Iron Casting
29:41 Hand Cart
30:29 Chain Barding Armor
31:08 Scale Mail Armor
31:02 Cavalier
31:03 Winged Hussar
35:09 Blast Furnace
34:34 Conscription
34:38 Lechitic Legacy
36:49 Squires
37:36 Chain Mail Armor
38:46 Elite Obuch
41:40 Plate Mail Armor
43:56 Crop Rotation
WENDIGO
2:15 Loom
11:14 Feudal Age
11:46 Double-Bit Axe
12:02 Gold Mining
14:00 Wheelbarrow
17:41 Castle Age
15:54 Scale Barding Armor
18:10 Stone Mining
21:05 Bow Saw
21:31 Gold Shaft Mining
21:19 Chain Barding Armor
25:31 Imperial Age
23:20 Hand Cart
27:12 Plate Barding Armor
27:30 Conscription
26:35 Cavalier
28:12 Husbandry
29:44 Chivalry
30:19 Paladin
Kyryuzero
7:17 Feudal Age
11:38 Castle Age
9:53 Double-Bit Axe
12:42 Bow Saw
16:07 Horse Collar
17:34 Wheelbarrow
17:12 Heavy Plow
18:06 Loom
18:43 Hand Cart
19:10 Stone Mining
22:14 Gold Mining
26:30 Imperial Age
25:12 Gold Shaft Mining
24:44 Devotion
24:53 Murder Holes
25:11 Fortified Wall
26:04 Forging
26:26 Bloodlines
26:17 Husbandry
26:44 Elite Mameluke
28:05 Iron Casting
27:57 Conscription
30:09 Blast Furnace
30:49 Scale Barding Armor
32:43 Two-Man Saw
31:46 Caravan
32:17 Coinage
32:21 Counterweights
33:55 Siege Engineers
34:12 Chain Barding Armor
35:40 Plate Barding Armor
37:07 Ballistics
37:48 Chemistry
37:00 Masonry
37:09 Fletching
37:45 Bodkin Arrow
37:47 Murder Holes
38:34 Town Watch
42:30 Bracer
43:21 Hoardings
44:56 Faith
45:06 Padded Archer Armor
44:58 Arrowslits
48:29 Banking
Reshi
7:56 Feudal Age
8:30 Horse Collar
9:04 Double-Bit Axe
11:17 Loom
15:14 Castle Age
14:49 Scale Mail Armor
15:00 Forging
14:40 Fletching
14:51 Fletching
15:39 Stone Mining
17:00 Heavy Plow
18:30 Bow Saw
22:56 Gold Mining
25:03 Chain Mail Armor
25:23 Iron Casting
29:04 Imperial Age
27:16 Gold Shaft Mining
28:33 Town Watch
30:11 Conscription
29:11 Elite Berserk
29:54 Chieftains
30:55 Hoardings
31:47 Two-Man Saw
31:38 Plate Mail Armor
32:09 Blast Furnace
31:04 Bodkin Arrow
31:53 Crop Rotation
32:20 Arson
32:35 Squires
37:37 Ballistics
37:28 Masonry
Connection lost

Rejoining the realm…

Still unreachable

The connection could not be restored.

Session expired

The server has moved on; the page needs a fresh start.